 Dungeon Crawl Stone Soup version 0.20.1-1-g8b1a95d (webtiles) character file.

95 Folque the Conjurer (level 4, -8/28 HPs)
             Began as a Tengu Conjurer on Nov 1, 2017.
             Mangled by Ijyb
             ... wielding a +0 dagger of electrocution
              (19 damage)
             ... on level 3 of the Dungeon.
             The game lasted 00:07:51 (2108 turns).

Folque the Conjurer (Tengu Conjurer)                Turns: 2108, Time: 00:07:52

Health: -8/28      AC:  2    Str:  8    XL:     4   Next: 65%
Magic:  1/9        EV: 13    Int: 16    God:
Gold:   53         SH:  0    Dex: 15    Spells: 2/8 levels left

rFire    . . .     SeeInvis .   l - +0 short sword
rCold    . . .     Gourm    .   (no shield)
rNeg     . . .     Faith    .   a - +0 robe
rPois    .         Spirit   .   (helmet restricted)
rElec    .         Reflect  .   (no cloak)
rCorr    .         Harm     .   (no gloves)
MR       .....                  (boots unavailable)
Stlth    ++........             (no amulet)
Regen    0.1/turn               (no ring)
MPRegen  0.2/turn               (no ring)

@: no status effects
A: beak, talons 3
a: no special abilities


You were on level 3 of the Dungeon.
You were not hungry.

You visited 1 branch of the dungeon, and saw 3 of its levels.

You collected 53 gold pieces.

Inventory:

Hand Weapons
 d - a +0 club
 l - a +0 short sword (weapon)
Missiles
 p - a throwing net (quivered)
Armour
 a - a +0 robe (worn)
Jewellery
 m - a +1 ring of evasion {unknown}
Scrolls
 g - a scroll of fear {unknown}
 i - a scroll of magic mapping {unknown}
 k - 4 scrolls of identify
 n - 2 scrolls of enchant armour {unknown}
 r - a scroll of noise {unknown}
Potions
 e - 2 potions of flight {unknown}
 j - a potion of brilliance {unknown}
 s - 2 potions of invisibility {unknown}
Books
 b - a book of Conjurations

   Spells                             Type                      Level
   a - Magic Dart                     Conjuration                  1
   b - Searing Ray                    Conjuration                  2
   c - Dazzling Spray                 Conjuration/Hexes            3
   d - Fulminant Prism                Conjuration/Hexes            4
   e - Force Lance                    Conjuration/Translocation    4
   f - Iskenderun's Mystic Blast      Conjuration                  4
Comestibles
 c - a bread ration
 f - 6 chunks of flesh
 h - 3 meat rations
 q - 4 fruits


   Skills:
 * Level 3.3 Fighting
 - Level 2.1 Dodging
 - Level 2.0 Stealth
 + Level 2.9 Spellcasting
 - Level 5.3 Conjurations


You had 2 spell levels left.
You knew the following spells:

 Your Spells              Type           Power        Failure   Level  Hunger
a - Magic Dart            Conj           ###.         2%          1    #......
b - Searing Ray           Conj           ###...       3%          2    ##.....
c - Dazzling Spray        Conj/Hex       ##....       19%         3    ###....


Dungeon Overview and Level Annotations

Branches:
Dungeon (3/15)

Altars:

Annotations:
D:3 Ijyb


Innate Abilities, Weirdness & Mutations

You have a beak for a mouth.
You have claws for feet.


Message History

You hit Ijyb but do no damage.
Ijyb is heavily wounded.
Ijyb hits you with a dagger of electrocution.
You completely miss Ijyb. Your kick misses Ijyb.
Ijyb is heavily wounded.
Ijyb hits you but does no damage.
You closely miss Ijyb. You claw Ijyb, but do no damage. Your peck misses Ijyb.
Ijyb is heavily wounded.
Ijyb barely misses you.
You hit Ijyb but do no damage.
Ijyb is heavily wounded.
Ijyb hits you with a dagger of electrocution.
You miss Ijyb. Your kick misses Ijyb.
Ijyb is heavily wounded.
Ijyb misses you.
You hit Ijyb. Your kick misses Ijyb. Your peck misses Ijyb.
Ijyb is severely wounded.
Ijyb hits you but does no damage.
You are electrocuted!
Ouch! That really hurt!
You die...

#..## ## ##.## . ##..# .
# #..## #. ..####.###
##(#### #........######
#......######..>........
#..PPP.PPPPPPPPP......<.
#..P...@.....P.P...#####


##.PPPPPgPPP.P.P.### #.......P...P...# #.PPPPPPP.PPP.P## # P.....P.....P#
P.PPP.PPPPP.P# P. P...P.P.P# P P.PPP.P.P# ... ....P# You could see Ijyb.

Vanquished Creatures
  2 adders
  An ooze (D:1)
  2 worms
  2 dart slugs
  5 leopard geckos
  A giant cockroach (D:1)
  12 goblins
  6 hobgoblins
  7 kobolds
  A quokka (D:2)
  6 bats
  4 frilled lizards
  10 rats
59 creatures vanquished.

Notes
Turn   | Place    | Note
-------+----------+-------------------------------------------
     0 | D:1      | Folque the Tengu Conjurer began the quest for the Orb.
     0 | D:1      | Reached XP level 1. HP: 10/10 MP: 4/4
   180 | D:1      | Reached skill level 1 in Fighting
   194 | D:1      | Reached XP level 2. HP: 14/16 MP: 0/6
   202 | D:1      | Learned a level 2 spell: Searing Ray
   692 | D:1      | Reached XP level 3. HP: 17/21 MP: 5/7
  1325 | D:1      | Learned a level 3 spell: Dazzling Spray
  1336 | D:2      | Reached XP level 4. HP: 27/27 MP: 5/8
  2084 | D:3      | Noticed Ijyb
  2108 | D:3      | Mangled by Ijyb

Skill      XL: |  1  2  3  4 |
---------------+-------------+-----
Fighting       | 1 2 3 |  3.3
Dodging        | |  2.1
Stealth        | |  2.0
Spellcasting   | |  2.9
Conjurations   | |  5.3

Action                   |  1- 3 |  4- 6 || total
-------------------------+-------+-------++-------
Melee: Club              |    31 |       ||    31
       Unarmed           |     3 |       ||     3
       Kick              |     8 |     6 ||    14
       Short sword       |    19 |    28 ||    47
       Peck              |     2 |     3 ||     5
 Cast: Magic Dart        |    38 |    16 ||    54
       Searing Ray       |     2 |    11 ||    13
       Dazzling Spray    |       |     1 ||     1
  Use: Potion            |       |     2 ||     2
       Scroll            |       |     1 ||     1
 Stab: Sleeping          |     2 |     1 ||     3
  Eat: Chunk             |     2 |     3 ||     5
Armor: Robe              |    16 |     4 ||    20
Dodge: Dodged            |    42 |    14 ||    56
